 Dungeon Crawl Stone Soup version 0.30-a0-845-g7c6808c8ce (webtiles) character file.

Game seed: 6826951623469934567

42 cforsyth the Sneak (level 3, -1/22 HPs)
             Began as a Kobold Brigand on Mar 3, 2023.
             Slain by Natasha (3 damage)
             ... on level 1 of the Dungeon.
             The game lasted 00:01:28 (1279 turns).

cforsyth the Sneak (Kobold Brigand)                 Turns: 1279, Time: 00:01:29

Health: -1/22      AC:  4    Str:  8    XL:     3   Next: 77%
Magic:  3/3        EV: 15    Int: 12    God:
Gold:   75         SH:  0    Dex: 18    Spells: 2/2 levels left

rFire   . . .      SeeInvis .    a - +2 dagger
rCold   . . .      Faith    .    (no shield)
rNeg    . . .      Spirit   .    b - +0 robe
rPois   .          Reflect  .    j - +0 helmet
rElec   .          Rampage  .    c - +0 cloak
rCorr   .                        (no gloves)
Will    .....                    (no boots)
Stlth   ++++                     (no amulet)
HPRegen 0.23/turn                (no ring)
MPRegen 0.08/turn                (no ring)

@: slowed, very slow
A: small, no large weapons, nightstalker 3
a: no special abilities


You were on level 1 of the Dungeon.
You visited 1 branch of the dungeon, and saw 2 of its levels.

You collected 75 gold pieces.

Inventory:

Hand Weapons
 a - a +2 dagger (weapon)
Missiles
 d - 9 poisoned darts (quivered)
 e - 3 curare-tipped darts
Armour
 b - a +0 robe (worn)
 c - a +0 cloak (worn)
 j - a +0 helmet (worn)
Scrolls
 f - a scroll of identify {unknown}
 h - a scroll of immolation {unknown}
 i - a scroll of teleportation {unknown}
 m - a scroll of noise {unknown}
Potions
 g - a potion of berserk rage {unknown}
 k - 2 potions of mutation {unknown}
 l - a potion of haste {unknown}


   Skills:
 + Level 2.8 Fighting
 + Level 3.4 Short Blades
 - Level 2.1 Throwing
 + Level 2.1 Dodging
 + Level 5.8 Stealth


You had 2 spell levels left.
You didn't know any spells.
Your spell library contained the following spells:

 Spells                   Type           Power      Damage    Failure   Level
 Sting                    Tmut/Pois      0%         1d3       32%         1
 Poisonous Vapours        Pois/Air       0%         N/A       45%         2
 Gell's Gravitas          Tloc           0%         N/A       69%         3
 Teleport Other           Tloc           0%         N/A       69%         3
 Olgreb's Toxic Radiance  Pois           0%         N/A       97%         4
 Dispersal                Tloc           0%         N/A       100%        6


Dungeon Overview and Level Annotations

Branches:
Dungeon (2/15)

Altars:

Shops:
D:1 *

Annotations:
D:1 Natasha


Innate Abilities, Weirdness & Mutations

You are small and have problems with some larger weapons.
You are completely attuned to the shadows.


Message History

You hear a shout!
Natasha stares at you and mumbles some strange words.
The magic dart hits you! The goblin hits you but does no damage.
You are too injured to fight recklessly!
You are too injured to fight recklessly!
You are too injured to fight recklessly!
You are too injured to fight recklessly!
You are too injured to fight recklessly!
You are too injured to fight recklessly!
You are too injured to fight recklessly!
You are too injured to fight recklessly!
You are too injured to fight recklessly!
You see here a +0 whip.
Natasha attacks as you move away! Natasha misses you.
The goblin attacks as you move away! The goblin barely misses you.
A kobold comes into view. It is wielding a +0 dagger.
Natasha attacks as you move away! Natasha barely misses you.
Natasha attacks as you move away! Natasha claws you.
* * * LOW HITPOINT WARNING * * *
Natasha mumbles some strange words.
Unknown command.
There is a stone staircase leading up here.
Natasha casts a spell at you.
You feel yourself slow down.
You climb upwards.
The crimson imp disappears in a puff of smoke!
There is a stone staircase leading down here.
You hit Natasha.
Natasha is severely wounded.
Natasha claws you.
* * * LOW HITPOINT WARNING * * *
You closely miss Natasha.
Natasha is severely wounded.
Natasha barely misses you.
You barely miss Natasha.
Natasha is severely wounded.
Natasha claws you.
* * * LOW HITPOINT WARNING * * *
Natasha claws you.
You die...

#.......###.....#.#...#.#
#..รท....# ####....#...#.#
#####....# ##..##.#.....#
.........# ##..#...#.#...#
.........###..#....#<.#..#
.......#..##...#......#..#
.......##....#..#####.#..#
######.......##.......#..#
##########.#...h@#.#...#.#
.........#.###...#..#..#.#
###
########.#.###.#.###.#.#.#
#..
.......#)#.......###.#.#.#
##.#
.#####.#.#######...#..#..#
#..# .#...#.#.#
###.......#####.##
.#.#.#.#.# ###...........#
.#.#.#.#.# ##.....######
.#.#.#.#.# #######


You could see Natasha.

Vanquished Creatures
  An adder (D:2)
  A worm (D:2)
  3 bats (D:1)
  2 endoplasms
  2 giant cockroaches (D:1)
  7 goblins
  2 hobgoblins
  2 quokkas (D:1)
  3 ball pythons
  3 frilled lizards
  A kobold (D:1)
  2 rats
29 creatures vanquished.

Notes
Turn   | Place    | Note
-------+----------+-------------------------------------------
     0 | D:1      | cforsyth the Kobold Brigand began the quest for the Orb.
     0 | D:1      | Reached XP level 1. HP: 12/12 MP: 1/1
   195 | D:1      | Reached XP level 2. HP: 18/18 MP: 2/2
   791 | D:1      | Reached XP level 3. HP: 22/22 MP: 3/3
   969 | D:1      | Found Withril's General Store.
  1036 | D:2      | Identified the +0 buckler "Ascheshu" {Int+3}
  1261 | D:2      | Noticed Natasha
  1279 | D:1      | Slain by Natasha

Illustrated notes

Levels and vault maps discovered:
D:1:      ebering_trefoil_3fold, layout_basic, serial_shops,
          nicolae_lakefront_shop, minmay_curled_crystal
D:2:      layout_loops_cross, uniq_sigmund, uniq_natasha

Skill      XL: |  1  2  3 |
---------------+----------+-----
Short Blades   | 3 |  3.4
Dodging        | 2 |  2.1
Fighting       | |  2.8
Throwing       | |  2.1
Stealth        | |  5.8

Action                     || total
---------------------------++-------
  Melee: Dagger            ||    64
         Punch             ||     1
   Stab: Sleeping          ||    17
         Distracted        ||     1
 Armour: Robe              ||     9
  Dodge: Dodged            ||    27

Table legend: (Time is in decaauts)
 A = Elapsed time spent in this place.
 B = Non-inter-level travel time spent in this place.
 C = Inter-level travel time spent in this place.
 D = Time resting spent in this place.
 E = Time spent auto-exploring this place.
 F = Levels seen in this place.
 G = Mean time per level.
                   A        B        C        D        E       F      G
               +--------+--------+--------+--------+--------+-----+--------+
         Total |   1270 |   1250 |     20 |      0 |   1053 |   2 |  635.0 |
       Dungeon |   1270 |   1250 |     20 |      0 |   1053 |   2 |  635.0 |
               +--------+--------+--------+--------+--------+-----+--------+

Top non-repeatable levels by time:
     D:1: 993 daAuts
     D:2: 276 daAuts
